 Dungeon Crawl Stone Soup version 0.30-a0-557-ge2afbf3030 (webtiles) character file.

Game seed: 8020801301266345321

547 billz999 the Magician (level 7, -1/45 HPs)
             Began as a Djinni Ice Elementalist on Dec 27, 2022.
             Was an Initiate of Makhleb.
             Slain by Grinder (2 damage)
             ... on level 6 of the Dungeon.
             The game lasted 00:08:15 (3563 turns).

billz999 the Magician (Djinni Ice Elementalist)     Turns: 3563, Time: 00:08:15

Health: -1/45      AC:  3    Str:  3 (6)  XL:     7   Next: 53%
Gold:   242        EV: 12    Int: 14 (17) God:    Makhleb [......] SH:  0 Dex: 17 (18)

rFire   + + .      SeeInvis .    o - +1 dagger (elec)
rCold   . . .      Faith    .    (no shield)
rNeg    . . .      Spirit   .    a - +1 robe
rPois   ∞          Reflect  .    (no helmet)
rElec   .          Harm     .    (no cloak)
rCorr   .          Rampage  .    (no gloves)
Will    +....                    (boots unavailable)
Stlth   ++                       (no amulet)
HPRegen 0.27/turn                f - ring of ice
MPRegen 0.00/turn                (no ring)

@: flying
A: sickness immunity, fire resistance 3, cold vulnerability 1, float, innate
caster, HP casting, extra vitality 1, agile 1, deterioration 1, strong-willed 1
a: Renounce Religion


You were on level 6 of the Dungeon.
You worshipped Makhleb.
Makhleb was noncommittal.
You visited 1 branch of the dungeon, and saw 6 of its levels.

You collected 242 gold pieces.

Inventory:

Hand Weapons
 i - a +1 dagger of venom
 o - a +1 dagger of electrocution (weapon)
Armour
 a - a +1 robe (worn)
 n - a +0 helmet
Jewellery
 f - a ring of ice (left hand)
Scrolls
 h - a scroll of magic mapping
 j - 2 scrolls of immolation
 p - a scroll of identify
Potions
 b - a potion of magic
 e - a potion of brilliance {unknown}
 g - 2 potions of mutation
 k - a potion of haste {unknown}
 l - a potion of invisibility {unknown}
 m - 2 potions of cancellation {unknown}
 q - 3 potions of heal wounds {unknown}


   Skills:
 - Level 2.1 Dodging
 - Level 1.5 Stealth
 + Level 6.7 Spellcasting


You had 2 spell levels left.
You knew the following spells:

 Your Spells              Type           Power      Damage    Failure   Level
a - Freeze                Ice            100%       1d10      1%          1
b - Frozen Ramparts       Ice            70%        1d11      2%          3
c - Ozocubu's Armour      Ice            35%        N/A       2%          3
d - Summon Ice Beast      Ice/Summ       35%        N/A       10%         4
e - Summon Small Mammal   Summ           92%        N/A       1%          1
f - Momentum Strike       Conj/Tloc      46%        3d9       1%          2
g - Kindle Blastsparks    Fire/Tloc/Air  46%        2d13      2%          3
Your spell library was empty.

Dungeon Overview and Level Annotations

Branches:
Dungeon (6/15)
 Temple: D:4-7

Altars:
Makhleb

Shops:
D:5 =

Annotations:
D:6 Grinder


Innate Abilities, Weirdness & Mutations

You are immune to sickness and miasma.
You are immune to poison.
Your flesh is almost immune to the effects of heat. (rF+++)
You are vulnerable to cold. (rC-)
You float through the air rather than walking.
You learn spells naturally, not from books.
Your magical power is your life essence.
You have superior vitality. (+4 MHP)
You are agile. (Dex +4, Str/Int -1)
Your body sometimes deteriorates upon taking damage.
You are strong-willed. (Will+)


Message History

Casting: Summon Ice Beast (dangerous; 7% risk of failure)
Confirm with . or Enter, or press ? or * to list all spells.
You feel a surge of power! A chill wind blows around you.
Your ice beast disappears in a puff of smoke!
Grinder resists.
The wall freezes Grinder.
You hit Grinder.
Grinder is lightly wounded.
Grinder resists.
The wall freezes Grinder.
Grinder barely misses you.
Casting: Summon Ice Beast (dangerous; 7% risk of failure)
Confirm with . or Enter, or press ? or * to list all spells.
Aiming: Freeze (safe; 1% risk of failure)
Press: ? - help, Shift-Dir - straight line, f - Grinder
Aim: Grinder, carrying a wand of quicksilver (4) (lightly wounded, ally target)
You feel a surge of power!
You freeze Grinder.
Grinder resists.
Grinder is lightly wounded.
Grinder completely resists.
The wall freezes Grinder but does no damage.
Grinder hits you.
You writhe in agony.
Unknown command.
It was a potion of lignification.
You turn into a tree.
Your +1 robe melds into your body.
Your roots penetrate the ground.
Grinder resists.
The wall freezes Grinder.
Grinder zaps a wand.
The bolt of dispelling energy hits you!!
Your magical effects are unravelling.
* * * LOW HITPOINT WARNING * * *
The bolt of dispelling energy hits your ice beast!
It was a potion of mutation.
You feel extremely strange.
You feel yourself wasting away.
You feel strong-willed.
You feel more resistant to heat.
You feel agile.
You feel less wooden.
Your +1 robe unmelds from your body.
The frozen ramparts melt away.
Grinder closely misses you.
Okay, then.
It was a potion of degeneration.
There was something very wrong with that liquid.
You feel weakened.
You feel dopey.
You feel clumsy. Grinder hits you.
* * * LOW HITPOINT WARNING * * *
You writhe in agony.
You die...

. .##.#
..#.#
##.#.#
.....
#.#.#
####<#.#
##...##.#
#....5@Y#
#....####
#....#
#....#
#....#
......#
##.....#
#....5


You could see Grinder (ally target) and a friendly ice beast (summoned).

Vanquished Creatures
  A bullfrog (D:4)
  2 hounds (D:4)
  2 orc priests
  2 iguanas (D:5)
  3 iron imps (D:4)
  2 orc wizards (D:3)
  5 adders
  3 worms
  2 dart slugs
  5 orcs
  A bat (D:3)
  4 endoplasms
  4 giant cockroaches
  4 goblins
  6 hobgoblins (D:3)
  3 quokkas
  5 ball pythons
  2 frilled lizards (D:1)
  6 kobolds
  3 rats
65 creatures vanquished.

Vanquished Creatures (collateral kills)
  A necrophage (D:5)
  3 orcs
4 creatures vanquished.

Grand Total: 69 creatures vanquished

Notes
Turn   | Place    | Note
-------+----------+-------------------------------------------
     0 | D:1      | billz999 the Djinni Ice Elementalist began the quest for
                  | the Orb.
     0 | D:1      | billz999 set off with the following spells memorised:
                  | Freeze, Frozen Ramparts, Ozocubu's Armour, Summon Ice
                  | Beast.
     0 | D:1      | Reached XP level 1. HP: 15/15 MP: 0/0
   690 | D:2      | Reached XP level 2. HP: 19/21 MP: 0/0
   854 | D:2      | Found a faded altar of an unknown god.
  1094 | D:2      | Reached XP level 3. HP: 23/25 MP: 0/0
  1094 | D:2      | Learned a level 1 spell: Summon Small Mammal
  1130 | D:2      | Reached skill level 4 in Spellcasting
  1435 | D:3      | Reached XP level 4. HP: 26/31 MP: 0/0
  1639 | D:3      | Reached XP level 5. HP: 22/35 MP: 0/0
  1639 | D:3      | Learned a level 2 spell: Momentum Strike
  1711 | D:3      | Reached skill level 5 in Spellcasting
  1832 | D:3      | You are sucked into a shaft and drop 1 floor!
  1857 | D:4      | Reached XP level 6. HP: 26/40 MP: 0/0
  2567 | D:4      | Found a burning altar of Makhleb.
  2602 | D:4      | Became a worshipper of Makhleb the Destroyer
  2862 | D:4      | Reached skill level 6 in Spellcasting
  2862 | D:4      | Reached XP level 7. HP: 25/45 MP: 0/0
  2862 | D:4      | Learned a level 3 spell: Kindle Blastsparks
  2992 | D:5      | Entered Level 5 of the Dungeon
  3213 | D:5      | Found Ruagh's Jewellery Shoppe.
  3550 | D:6      | Noticed Grinder
  3562 | D:6      | Gained mutation: Your body sometimes deteriorates upon
                  | taking damage. [potion of mutation]
  3562 | D:6      | Gained mutation: You are strong-willed. (Will+) [potion of
                  | mutation]
  3562 | D:6      | Gained mutation: Your flesh is almost immune to the effects
                  | of heat. (rF+++) [potion of mutation]
  3562 | D:6      | Gained mutation: You are agile. (Dex +4, Str/Int -1)
                  | [potion of mutation]
  3563 | D:6      | HP: 1/45 [Grinder (3)]
  3563 | D:6      | Slain by Grinder

Illustrated notes

Levels and vault maps discovered:
D:1:      psy_arrival_spokes, layout_basic, minmay_3d_cube
D:2:      layout_rooms, serial_curves, eino_curves_02, eino_curves_01,
          eino_curves_04, eino_curves_01, nicolae_ecumenical_oubliette
D:3:      layout_basic
D:4:      layout_basic, demons_altar
D:5:      layout_basic, serial_shops, kennysheep_little_box
D:6:      minmay_bubble_buster, layout_basic, amcnicky_altar_gilded,
          grunt_dithmenos_shadows, temple_green, uniq_maggie, uniq_grinder

Skill      XL: |  1  2  3  4  5  6 |
---------------+-------------------+-----
Spellcasting   | 4 5 6 |  6.7
Dodging        | |  2.1
Stealth        | |  1.5

Action                   |  1- 3 |  4- 6 |  7- 9 || total
-------------------------+-------+-------+-------++-------
Melee: Unarmed           |     1 |       |       ||     1
       Dagger            |     1 |    24 |     5 ||    30
 Cast: Freeze            |    37 |    36 |    13 ||    86
       Frozen Ramparts   |     1 |    12 |     6 ||    19
       Ozocubu's Armour  |     1 |       |       ||     1
       Summon Small Mamm |       |     1 |       ||     1
       Summon Ice Beast  |       |       |     7 ||     7
  Use: Scroll            |     2 |     6 |       ||     8
       Potion            |       |       |     3 ||     3
 Stab: Sleeping          |       |     3 |       ||     3
Armor: Robe              |     5 |     6 |       ||    11
Dodge: Dodged            |     6 |    22 |    10 ||    38

Table legend: (Time is in decaauts)
 A = Elapsed time spent in this place.
 B = Non-inter-level travel time spent in this place.
 C = Inter-level travel time spent in this place.
 D = Time resting spent in this place.
 E = Time spent auto-exploring this place.
 F = Levels seen in this place.
 G = Mean time per level.
                   A        B        C        D        E       F      G
               +--------+--------+--------+--------+--------+-----+--------+
         Total |   3560 |   3418 |    142 |    142 |   2798 |   6 |  593.3 |
       Dungeon |   3560 |   3418 |    142 |    142 |   2798 |   6 |  593.3 |
               +--------+--------+--------+--------+--------+-----+--------+

Top non-repeatable levels by time:
     D:4: 1159 daAuts
     D:1: 685 daAuts
     D:2: 636 daAuts
     D:5: 554 daAuts
     D:3: 508 daAuts
     D:6: 15 daAuts
